 Dungeon Crawl Stone Soup version 0.31-a0-988-g08d55dae12 (webtiles) character file.

Game seed: 8091792115579918713

33 BinkBink the Chopper (level 3, -1/36 HPs)
             Began as a Troll Monk on Nov 5, 2023.
             Slain by an orc
             ... wielding a +0 morningstar
              (11 damage)
             ... on level 3 of the Dungeon.
             The game lasted 00:01:06 (1026 turns).

BinkBink the Chopper (Troll Monk)                   Turns: 1026, Time: 00:01:07

Health: -1/36      AC:  4    Str: 21    XL:     3   Next: 12%
Magic:  2/2        EV: 10    Int:  6    God:
Gold:   42         SH:  0    Dex: 12    Spells: 2/2 levels left

rFire   . . .        a - +0 hand axe
rCold   . . .        d - orb {light}
rNeg    . . .        b - +0 robe
rPois   .            (helmet restricted)
rElec   .            (no cloak)
rCorr   .            (gloves unavailable)
SInv    .            (boots unavailable)
Will    .....        (no amulet)
Stlth   +            (no ring)
HPRegen 1.06/turn    (no ring)
MPRegen 0.08/turn

%: no passive effects
@: glowing
A: large, unfitting armour, claws 3, regeneration 1, shaggy fur 1, tough skin 1
a: no special abilities


You were on level 3 of the Dungeon.
You visited 1 branch of the dungeon, and saw 3 of its levels.

You collected 42 gold pieces.

Inventory:

Hand Weapons
 a - a +0 hand axe (weapon)
Armour
 b - a +0 robe (worn)
 d - an orb of light (worn)
Scrolls
 e - a scroll of butterflies {unknown}
 f - a scroll of immolation {unknown}
 g - a scroll of fear {unknown}
 h - a scroll of poison {unknown}
 i - a scroll of vulnerability {unknown}
 j - 2 scrolls of teleportation {unknown}
Potions
 c - a potion of ambrosia


   Skills:
 + Level 2.7 Fighting
 * Level 3.0 Axes
 + Level 2.7 Dodging


You had 2 spell levels left.
You didn't know any spells.
Your spell library contained the following spells:

 Spells                   Type           Power      Damage    Failure   Level
 Slow                     Hex            0%         N/A       45%         1
 Confusing Touch          Hex            0%         N/A       83%         3
 Sigil of Binding         Hex            0%         N/A       83%         3
 Vampiric Draining        Necr           0%         2d6       83%         3


Dungeon Overview and Level Annotations

Branches:
Dungeon (2/15)

Altars:


Innate Abilities, Weirdness & Mutations

You are too large for most types of armour.
You have claws for hands.
Your natural rate of healing is unusually fast.
You are covered in fur. (AC +1)
You have tough skin. (AC +1)


Message History

You kill the kobold!
No target in view!
i - a scroll labelled DIFUVISHRIZ
j - a scroll labelled OQUAW DECIPPERCH
Found a scroll labelled OQUAW DECIPPERCH.
There is an open door here.
j - 2 scrolls labelled OQUAW DECIPPERCH (gained 1)
Found a dagger.
You see here a +0 dagger.
A ball python comes into view.
The ball python hisses angrily.
The ball python bites you.
You hit the ball python.
You kill the ball python!
You hear the slow rusting of a very distant drain.
An orc comes into view. It is wielding a +0 morningstar.
The orc shouts!
You hear a shout! x2
You hear a shout!
The orc barely misses you.
You hit the orc.
The orc is lightly wounded.
The orc hits you but does no damage.
You hit the orc but do no damage.
The orc is lightly wounded.
The orc barely misses you.
You hit the orc.
The orc is moderately wounded.
The orc hits you with a +0 morningstar!
You hit the orc but do no damage.
The orc is moderately wounded.
The orc closely misses you.
You hit the orc but do no damage.
The orc is moderately wounded.
The orc hits you with a +0 morningstar!
You hit the orc.
The orc is severely wounded.
The orc hits you with a +0 morningstar!
* * * LOW HITPOINT WARNING * * *
The orc hits you with a +0 morningstar!
You die...

#########
#..o@...#
#.#####.# #.# #.#
#.# #.##.######
#.........#
#.......####.#####
..#
##########.......#


You could see an orc.

Vanquished Creatures
  A dart slug (D:1)
  4 ball pythons
  2 endoplasms (D:1)
  3 hobgoblins (D:1)
  4 quokkas
  3 bats (D:1)
  3 goblins (D:1)
  4 kobolds
  4 rats (D:1)
28 creatures vanquished.

Notes
Turn   | Place    | Note
-------+----------+-------------------------------------------
     0 | D:1      | BinkBink the Troll Monk began the quest for the Orb.
     0 | D:1      | Reached XP level 1. HP: 22/22 MP: 0/0
   305 | D:1      | Reached XP level 2. HP: 26/29 MP: 1/1
   767 | D:1      | Reached skill level 3 in Axes
   791 | D:1      | Reached XP level 3. HP: 33/36 MP: 2/2
   961 | D:2      | You fall into a shaft and drop 1 floor!
  1026 | D:3      | Slain by an orc

Illustrated notes

Levels and vault maps discovered:
D:1:      eino_arrival_tree_alley, layout_loops_corners,
          hangedman_decor_diamond_cutter, serial_bayou_pond_d
D:2:      wander_river, layout_loops_ring,
          shapermc_ecumenical_altar_mp_urbaneastern, uniq_jessica
D:3:      layout_loops_corners, mainiacjoe_overflow_alcove_1,
          yredelemnul_altar_generic, cheibrodos_sewer_entry_sluice,
          serial_bayou_lagoon_b, uniq_natasha

Skill      XL: |  1  2 |
---------------+-------+-----
Axes           | 3 |  3.0
Fighting       | |  2.7
Dodging        | |  2.7

Action                     || total
---------------------------++-------
  Melee: Hand axe          ||    71
 Armour: Robe              ||    42
  Dodge: Dodged            ||    35

Table legend: (Time is in decaauts)
 A = Elapsed time spent in this place.
 B = Non-inter-level travel time spent in this place.
 C = Inter-level travel time spent in this place.
 D = Time resting spent in this place.
 E = Time spent auto-exploring this place.
 F = Levels seen in this place.
 G = Mean time per level.
                   A        B        C        D        E       F      G
               +--------+--------+--------+--------+--------+-----+--------+
         Total |   1037 |   1024 |     13 |      0 |    819 |   3 |  345.7 |
       Dungeon |   1037 |   1024 |     13 |      0 |    819 |   3 |  345.7 |
               +--------+--------+--------+--------+--------+-----+--------+

Top non-repeatable levels by time:
     D:1: 965 daAuts
     D:3: 66 daAuts
     D:2: 4 daAuts
